 Dungeon Crawl Stone Soup version 0.31.0-9-g3a7656b989 (webtiles) character file.

Game seed: 5938780697286698179

32 freelancePsychic the Cutter (level 3, 0/21 HPs)
             Began as a Deep Elf Gladiator on Jan 24, 2024.
             Slain by a goblin
             ... wielding a +2 dagger of electrocution
             ... led by Robin
              (14 damage)
             ... on level 2 of the Dungeon.
             The game lasted 00:01:52 (1210 turns).

freelancePsychic the Cutter (Deep Elf Gladiator)    Turns: 1210, Time: 00:01:52

Health: 0/21       AC:  5    Str: 11    XL:     3   Next: 10%
Magic:  5/5        EV: 13    Int: 12    God:
Gold:   57         SH:  0    Dex: 18    Spells: 2/2 levels left

rFire   . . .        a - +0 rapier
rCold   . . .        (no shield)
rNeg    . . .        b - +0 leather armour
rPois   .            c - +0 helmet
rElec   .            (no cloak)
rCorr   .            g - +0 pair of gloves
SInv    .            (no boots)
Will    .....        (no amulet)
Stlth   ++           (no ring)
HPRegen 0.23/turn    (no ring)
MPRegen 0.09/turn

%: no passive effects
@: no status effects
A: no striking features
a: no special abilities


You were on level 2 of the Dungeon.
You visited 1 branch of the dungeon, and saw 2 of its levels.

You collected 93 gold pieces.
You spent 36 gold pieces at shops.

Inventory:

Hand Weapons
 a - a +0 rapier (weapon)
Missiles
 d - 2 throwing nets (quivered)
Armour
 b - a +0 leather armour (worn)
 c - a +0 helmet (worn)
 g - a +0 pair of gloves (worn)
Jewellery
 i - an amulet of magic regeneration
Scrolls
 f - a scroll of identify {unknown}
 j - a scroll of torment {unknown}
 k - a scroll of acquirement {unknown}
 l - a scroll of immolation {unknown}
Potions
 h - 3 potions of curing {@q1}


   Skills:
 + Level 2.0 Fighting
 * Level 3.7 Short Blades
 - Level 2.0 Throwing
 - Level 3.6 Dodging
 + Level 1.6 Stealth


You had 2 spell levels left.
You didn't know any spells.
Your spell library contained the following spells:

 Spells                   Type           Power      Damage    Failure   Level
 Call Canine Familiar     Summ           0%         N/A       78%         3
 Sigil of Binding         Hex            0%         N/A       78%         3
 Dimensional Bullseye     Hex/Tloc       0%         N/A       99%         4


Dungeon Overview and Level Annotations

Branches:
Dungeon (2/15)

Altars:

Shops:
D:1 !

Annotations:
D:2 Robin


Message History

A goblin comes into view. It is wielding a +0 dagger.
Robin roars a battlecry!
The goblins go into a battle-frenzy!
The goblin shouts!
You hear a shout!
There is a stone staircase leading down here.
Throw: javelin
Press: ? - help, Q - select action, (/) - cycle Shift-Dir - straight line, f - Robin
Aim: Robin, wielding a +2 short sword of speed, wearing a +0 animal skin and wearing a +0 helmet (68% to hit)
You throw a javelin. The javelin pierces through the goblin!
You kill the goblin!
The javelin pierces through the goblin but does no damage.
The javelin pierces through the goblin!
You kill the goblin!
The javelin barely misses the goblin.
The javelin pierces through Robin but does no damage.
You barely miss the goblin. The goblin misses you.
A hobgoblin comes into view.
You closely miss the goblin. The goblin hits you with a +0 dagger.
You hit the goblin.
You kill the goblin!
Throw: 3 throwing nets
Press: ? - help, Q - select action Shift-Dir - straight line, f/p - Robin
Aim: Robin, wielding a +2 short sword of speed, wearing a +0 animal skin and wearing a +0 helmet (68% to hit)
You throw a throwing net. The throwing net misses the goblin.
The throwing net hits Robin.
Robin is caught in the net!
The goblin shouts!
The goblin no longer looks unusually strong.
The goblin hits you but does no damage. Robin throws the goblin at you!
Robin struggles against the net.
The goblin no longer looks unusually strong.
Items here: )) ††.
You catch the helpless Robin completely off-guard!
You puncture Robin!
Robin is severely wounded.
The goblin hits you with a +2 dagger of electrocution.
You are electrocuted!
Ouch! That really hurt!
You die...

#.# ##.....#.#....#
#.#######......###.####
#............#.....##
#########...........#
##..###.###.# #......#
#.# ##.##### #.#
#.#######.# #..ggg@g..#
#(######### .g. ###g #g
gg g. g.


You could see Robin (caught), a hobgoblin (strong) and 2 goblins.

Vanquished Creatures
  A ribbon worm (D:1)
  An endoplasm (D:1)
  A giant cockroach (D:1)
  5 goblins (D:2)
  A hobgoblin (D:2)
  6 jackals (D:1)
  A quokka (D:1)
  2 ball pythons (D:1)
  3 bats
  A frilled lizard (D:2)
  3 kobolds
25 creatures vanquished.

Notes
Turn   | Place    | Note
-------+----------+-------------------------------------------
     0 | D:1      | freelancePsychic the Deep Elf Gladiator began the quest for
                  | the Orb.
     0 | D:1      | Reached XP level 1. HP: 12/12 MP: 3/3
   257 | D:1      | Reached skill level 1 in Stealth
   257 | D:1      | Reached XP level 2. HP: 16/17 MP: 4/4
   649 | D:1      | Found Unon's Distillery.
   667 | D:1      | Bought a potion of curing for 36 gold pieces
  1123 | D:2      | Reached XP level 3. HP: 18/21 MP: 5/5
  1196 | D:2      | Noticed Robin
  1210 | D:2      | Slain by a goblin

Illustrated notes

Levels and vault maps discovered:
D:1:      dpeg_arrival_brainrot, layout_basic, serial_shops,
          nicolae_shop_industrial_runoff
D:2:      layout_loops_corners, chequers_ecumenical_altar_simple_redux,
          basic_altar, minmay_quantized, uniq_robin, uniq_jessica

Skill      XL: |  1  2 |
---------------+-------+-----
Stealth        | 1 |  1.6
Fighting       | 2 |  2.0
Short Blades   | |  3.7
Throwing       | |  2.0
Dodging        | |  3.6

Action                     || total
---------------------------++-------
  Melee: Rapier            ||    73
         Punch             ||     3
  Throw: Javelin           ||     1
         Throwing net      ||     1
   Stab: Sleeping          ||     1
         Held in net/web   ||     1
 Armour: Leather armour    ||    34
  Dodge: Dodged            ||    64
